 Dungeon Crawl Stone Soup version 0.27-a0-695-gb4952372f7 (webtiles) character file.

Game seed: 13322262696949156439

6 tilp the Grasshopper (level 1, -3/22 HPs)
             Began as an Ogre Warper on Mar 22, 2021.
             Killed from afar by a dart slug (5 damage)
             ... with a slug dart
             ... on level 1 of the Dungeon.
             The game lasted 00:00:52 (536 turns).

tilp the Grasshopper (Ogre Warper)                   Turns: 536, Time: 00:00:53

Health: -3/22      AC:  3    Str: 14    XL:     1   Next: 90%
Magic:  3/3        EV:  4    Int: 14    God:
Gold:   33         SH: 10    Dex:  8    Spells: 4/4 levels left

rFire    . . .     SeeInvis .   a - +0 mace
rCold    . . .     Faith    .   c - +0 tower shield
rNeg     . . .     Spirit   .   b - +0 robe
rPois    .         Reflect  .   (helmet restricted)
rElec    .         Harm     .   (no cloak)
rCorr    .         Rampage  .   (gloves unavailable)
Will     .....                  (boots unavailable)
Stlth    +.........             (no amulet)
HPRegen  0.07/turn              (no ring)
MPRegen  0.08/turn              (no ring)

@: no status effects
A: large, unfitting armour, tough skin 1
a: no special abilities


You were on level 1 of the Dungeon.
You visited 1 branch of the dungeon, and saw 1 of its levels.

You collected 33 gold pieces.

Inventory:

Hand Weapons
 a - a +0 mace (weapon)
Missiles
 e - 5 boomerangs of dispersal (quivered)
Armour
 b - a +0 robe (worn)
 c - a +0 tower shield (worn)
Scrolls
 d - a scroll of blinking
 f - a scroll of magic mapping {unknown}
Potions
 g - 2 potions of curing {unknown}
 h - a potion of brilliance {unknown}


   Skills:
 - Level 2.6 Fighting
 + Level 2.3 Maces & Flails
 - Level 1.0 Throwing
 - Level 2.1 Dodging
 - Level 2.4 Spellcasting
 - Level 2.6 Translocations


You had 4 spell levels left.
You didn't know any spells.
Your spell library contained the following spells:

 Spells                   Type           Power      Damage    Failure   Level
 Blink                    Tloc           N/A        N/A       96%         2
 Gell's Gravitas          Tloc           4%         N/A       99%         3
 Lesser Beckoning         Tloc           4%         N/A       99%         3
 Teleport Other           Tloc           9%         N/A       99%         3
 Manifold Assault         Tloc           9%         N/A       100%        4


Dungeon Overview and Level Annotations

Branches:
Dungeon (1/15)

Altars:


Innate Abilities, Weirdness & Mutations

You are too large for most types of armour.
You have tough skin. (AC +1)


Message History

HP restored.
You now have 33 gold pieces (gained 14).
Found a stone staircase leading down.
A rat comes into view.
Found 28 stones.
Found a stone staircase leading down.
A rat is nearby!
You thump the rat!
You kill the rat!
No target in view!
You see here a rat corpse.
A hobgoblin comes into view.
You block the hobgoblin's attack.
You barely miss the hobgoblin.
The hobgoblin hits you but does no damage.
The hobgoblin barely misses you.
You hit the hobgoblin.
You kill the hobgoblin!
No target in view!
No target in view!
A gnoll comes into view. It is wielding a +0 club.
You see here a scroll labelled ATSOTU CO QEDET.
A gnoll is nearby!
You block the gnoll's attack.
You hit the gnoll but do no damage. The gnoll hits you with a +0 club. x2
You barely miss the gnoll. The gnoll hits you with a +0 club.
You block the gnoll's attack.
You are too injured to fight recklessly!
You thump the gnoll!
The gnoll is heavily wounded.
The gnoll hits you with a +0 club!
* * * LOW HITPOINT WARNING * * *
You hit the gnoll but do no damage.
The gnoll is heavily wounded.
The gnoll hits you with a +0 club.
* * * LOW HITPOINT WARNING * * *
You block the gnoll's attack.
A dart slug comes into view.
The dart slug launches a dart at you. The slug dart hits you.
You die...

.................≈≈#
#.......#.#
..#..............≈≈#
#...8...#.#
##.............≈≈#
+.#####.+.#
#.......#.....≈≈#
#...8...#.#
###.....###....≈≈#
#.......#.# ###...##.##
#..#.≈## ####'####+#
.....##..# #.#.≈# ...
.....#..### #...≈# ## ###
....†.....####..@≈####≈≈≈
.....(.........#g≈≈≈≈≈≈≈≈
.....#(##......†.........
..>....#######...........
..###.## #.....#..... ..
#.# #####.......w#.# ..
#.####..........#... .
.......#..#..........
.........#####.......


You could see a gnoll and a dart slug.

Vanquished Creatures
  A goblin (D:1)
  2 hobgoblins (D:1)
  A bat (D:1)
  2 rats (D:1)
6 creatures vanquished.

Notes
Turn   | Place    | Note
-------+----------+-------------------------------------------
     0 | D:1      | tilp the Ogre Warper began the quest for the Orb.
     0 | D:1      | Reached XP level 1. HP: 22/22 MP: 3/3
   520 | D:1      | HP: 1/22 [gnoll/+0 club (6)]
   536 | D:1      | Killed from afar by a dart slug

Illustrated notes

Levels and vault maps discovered:
D:1:      heliophobic_arrival_glass_houses, layout_rooms

Skill      XL: |  1 |
---------------+----+-----
Maces & Flails | 2 |  2.3
Fighting       | |  2.6
Throwing       | |  1.0
Dodging        | |  2.1
Spellcasting   | |  2.4
Translocations | |  2.6

Action                   || total
-------------------------++-------
Melee: Mace              ||    17
Armor: Robe              ||     6
Dodge: Dodged            ||     2
Block: Tower shield      ||     7

Table legend: (Time is in decaauts)
 A = Elapsed time spent in this place.
 B = Non-inter-level travel time spent in this place.
 C = Inter-level travel time spent in this place.
 D = Time resting spent in this place.
 E = Time spent auto-exploring this place.
 F = Levels seen in this place.
 G = Mean time per level.
                   A        B        C        D        E       F      G
               +--------+--------+--------+--------+--------+-----+--------+
         Total |    546 |    546 |      0 |    347 |    111 |   1 |  546.0 |
       Dungeon |    546 |    546 |      0 |    347 |    111 |   1 |  546.0 |
               +--------+--------+--------+--------+--------+-----+--------+

Top non-repeatable levels by time:
     D:1: 546 daAuts
